 Dungeon Crawl Stone Soup version 0.21.0-24-g2553a33 (webtiles) character file.

136511 Mesmaeker13 the Blocker (level 16, -11/134 HPs)
             Began as a Yellow Draconian Fire Elementalist on Jan 21, 2018.
             Was a High Priest of Sif Muna.
             Mangled by an alligator (25 damage)
             ... on level 1 of the Swamp.
             The game lasted 01:47:41 (33370 turns).

Mesmaeker13 the Blocker (DrFE)                     Turns: 33370, Time: 01:47:42

Health: -11/134    AC: 19    Str: 23    XL:     16   Next: 66%
Magic:  31/39      EV: 16    Int: 19    God:    Sif Muna [*****.]
Gold:   1018       SH: 20    Dex: 11    Spells: 9/35 levels left

rFire    + . .     SeeInvis +   V - +9 short sword "Qeul" {pierce, rF+ rC+ Str+4}
rCold    + . .     Gourm    .   a - +2 shield {reflect}
rNeg     . . .     Faith    .   (armour unavailable)
rPois    +         Spirit   .   (helmet restricted)
rElec    .         Reflect  +   o - +2 cloak
rCorr    +         Harm     .   h - +0 pair of gloves
MR       +....                  B - +0 pair of boots "Ridwimar" {*Drain Regen+ MP+9 Stlth+}
Stlth    ++........             R - +6 amulet of reflection
HPRegen  0.72/turn              u - ring "Kaelumeg" {rPois Str+4 SInv}
MPRegen  0.26/turn              Q - +5 ring of protection

@: very slightly contaminated, heavily drained
A: spit acid, acid resistance, unfitting armour, acidic bite, cold-blooded, AC
+9
a: Breathe Acid, Divine Energy, Channel Magic, Forget Spell, Renounce Religion


You were on level 1 of the Swamp.
You worshipped Sif Muna.
Sif Muna was extremely pleased with you.
You were not hungry.

You visited 5 branches of the dungeon, and saw 26 of its levels.

You collected 2359 gold pieces.
You spent 1341 gold pieces at shops.

Inventory:

Hand Weapons
 q - the +9 mace "Dulugih" {freeze, MR+}
   (You found it on level 13 of the Dungeon)

   It has been specially enchanted to freeze those struck by it, causing extra
   injury to most foes and up to half again as much damage against particularly
   susceptible opponents.
   It can also slow down cold-blooded creatures.
   It affects your resistance to hostile enchantments.
 K - the +4 war axe "Embalmer" {flame, rElec Dex-4 SInv Stlth-}
   (You found it on level 4 of the Lair of Beasts)

   It has been specially enchanted to burn those struck by it, causing extra
   injury to most foes and up to half again as much damage against particularly
   susceptible opponents.
   Big, fiery blades are also staple armaments of hydra-hunters.
   It affects your dexterity (-4).
   It insulates you from electricity.
   It lets you see invisible.
   It makes you less stealthy.
 V - the +9 short sword "Qeul" (weapon) {pierce, rF+ rC+ Str+4}
   (You found it on level 15 of the Dungeon)

   It inflicts extra damage upon your enemies.
   It affects your strength (+4).
   It protects you from fire.
   It protects you from cold.
Missiles
 M - 21 javelins (quivered)
Armour
 a - a +2 shield of reflection (worn)
 h - a +0 pair of gloves (worn)
 o - a +2 cloak (worn)
 B - the +0 pair of boots "Ridwimar" (worn) {*Drain Regen+ MP+9 Stlth+}
   (You bought it in a shop on level 5 of the Dungeon)

   It affects your magic capacity (+9).
   It increases your rate of regeneration.
   It causes draining when unequipped.
   It makes you more stealthy.
Jewellery
 u - the ring "Kaelumeg" (left hand) {rPois Str+4 SInv}
   (You bought it in a shop on level 2 of the Orcish Mines)

   [ring of strength]

   It affects your strength (+4).
   It protects you from poison.
   It lets you see invisible.
 Q - a +5 ring of protection (right hand)
 R - a +6 amulet of reflection (around neck)
Wands
 p - a wand of clouds (5)
 s - a wand of iceblast (17)
 x - a wand of enslavement (10)
 y - a wand of paralysis (9)
 z - a wand of acid (5)
Scrolls
 c - 4 scrolls of teleportation
 d - 3 scrolls of remove curse
 e - a scroll of summoning {unknown}
 f - a scroll of identify
 i - a scroll of random uselessness {unknown}
 k - 5 scrolls of fog
 l - a scroll of fear {unknown}
 n - a scroll of amnesia
 r - a scroll of vulnerability {unknown}
 v - 2 scrolls of holy word
 A - 4 scrolls of blinking
 C - 5 scrolls of magic mapping
 H - a scroll of silence {unknown}
Potions
 g - 2 potions of flight
 j - a potion of lignification {unknown}
 m - 2 potions of agility
 w - a potion of brilliance
 G - 3 potions of magic
 S - 4 potions of curing
 U - a potion of mutation {unknown}
Comestibles
 b - 38 rations


   Skills:
 + Level 10.2(8.0) Fighting
   Level 5.0(3.1) Long Blades
 - Level 12.0(9.7) Dodging
 - Level 1.7(0.0) Stealth
 + Level 12.7(10.3) Shields
 - Level 10.4(8.2) Spellcasting
 + Level 12.0(9.7) Conjurations
 + Level 11.4(9.2) Fire Magic
 - Level 3.1(1.3) Air Magic
 - Level 10.0(7.8) Earth Magic
 - Level 5.7(3.7) Invocations


You had 9 spell levels left.
You knew the following spells:

 Your Spells              Type           Power        Failure   Level  Hunger
a - Bolt of Fire          Conj/Fire      #####.....   43%         6    ######.
b - Throw Flame           Conj/Fire      #####.       1%          2    None
d - Fireball              Conj/Fire      #####.....   9%          5    #####..
e - Sticky Flame          Conj/Fire      #####...     3%          4    ###....
f - Mephitic Cloud        Conj/Pois/Air  ###.....     11%         3    None
g - Iron Shot             Conj/Erth      #####.....   54%         6    ######.


Dungeon Overview and Level Annotations

Branches:
Dungeon (15/15)            Temple (1/1) D:4            Lair (6/6) D:10
  Swamp (2/4) Lair:3       Spider (0/4) Lair:2        Slime (0/5) Lair:6
    Orc (2/2) D:12            Elf (0/3) Orc:2        Vaults (0/5) D:14
 Depths (0/5) D:15

Altars:
Ashenzari
Cheibriados
Dithmenos
Elyvilon
Fedhas
Gozag
Hepliaklqana
Kikubaaqudgha
Makhleb
Nemelex Xobeh
Okawaru
Qazlal
Ru
Sif Muna
Trog
Uskayaw
Vehumet
Wu Jian
Xom
Yredelemnul
Zin
The Shining One
Beogh

Shops:
D:5 [   D:6 [   D:13 *   Orc:1 *   Orc:2 :*}%

Portals:
Trove: D:12 (give +2 fire dragon scales)

Annotations:
D:8 Gastronok
Lair:3 exclusion: 2 oklob plants
Orc:1 Suckerboh's ghost, journeyman KoAs


Innate Abilities, Weirdness & Mutations

You can spit globs of acid.
You are resistant to acid.
Your golden yellow scales are hard. (AC +9)
You cannot fit into any form of body armour.
You have acidic saliva.
You are cold-blooded and may be slowed by cold attacks.


Message History

You eat one of the 39 rations.
That ration really hit the spot!
You fail to use your ability.
You fail to use your ability.
The alligator puts on a burst of speed!
You fail to use your ability.
The alligator is engulfed in a cloud of scalding steam.
You feel somewhat more hungry. The alligator bites you!
* * * LOW HITPOINT WARNING * * *
You block the alligator's attack. The alligator bites you.
* * * LOW HITPOINT WARNING * * *
The alligator tail-slaps you but does no damage.
Casting: Bolt of Fire
Confirm with . or Enter, or press ? or * to list all spells.
Aiming: Bolt of Fire
Press: ? - help, Shift-Dir - straight line, f/p - alligator
Aim: an alligator (moderately wounded, covering ground quickly)
The bolt of fire hits the alligator.
The alligator is heavily wounded.
You feel less invigorated. The alligator bites you!!
You die...

♣♣♣♣♣ ♣♣♣ ≈♣♣.♣♣♣≈♣♣♣♣♣♣♣♣♣♣
≈.≈.....≈≈♣♣≈.♣♣≈♣
...§..#.#≈≈≈..≈♣.♣♣
..♣≈≈.#..≈≈≈....≈.♣
.≈.≈..#....≈.≈.≈@≈♣
≈≈.≈.......≈..≈♣t♣♣
..≈≈..#.≈...≈..≈.♣♣♣ ♣♣♣♣♣
..≈...#.........§.≈♣♣♣≈.≈♣
≈≈≈♣♣.#.....#♣♣≈.≈.≈♣♣≈≈.♣♣♣♣♣♣ ♣
......#.....#♣♣.§≈.♣♣♣♣≈≈....≈♣♣♣
♣♣≈...###.###.♣..≈♣♣ ♣♣♣♣.......
.♣♣♣≈.............≈♣♣♣♣♣♣♣.......
≈≈♣≈≈≈≈.....♣♣...♣..........≈≈≈..


You could see an alligator.

Vanquished Creatures
  Rupert (D:14)
  Kirke (Swamp:1)
  Donald (Swamp:1)
  An orc warlord (Orc:2)
  A ghoul (Lair:3)
  Nessos (D:14)
  An ettin (Orc:2)
  Josephine (Swamp:1)
  The ghost of bmj180 the Cleaver, a journeyman HOFi of Okawaru (D:11)
  5 hydras
  A death knight (D:14)
  4 centaur warriors
  4 ogre magi
  12 death yaks (Lair:5)
  3 alligators (Swamp:1)
  22 two-headed ogres
  Urug (D:14)
  5 tengu warriors
  The ghost of Musashi the Cleaver, a novice MiBe of Trog (D:7)
  10 skeletal warriors
  2 deep trolls (Orc:2)
  2 wizards (D:15)
  2 unseen horrors (D:12)
  A shambling mangrove (Swamp:2)
  A lindwurm (Lair:6)
  4 swamp dragons
  4 orc knights
  A necromancer (D:15)
  A manticore (D:15)
  7 ugly things
  2 orc sorcerers (D:15)
  2 deep elf magi
  3 slime creatures
  4 cyclopes
  3 elephants (Lair:5)
  5 black mambas
  Joseph (D:8)
  Maurice (D:11)
  2 gargoyles
  6 torpor snails (Lair:6)
  3 rime drakes
  9 spiny frogs
  A freezing wraith (D:15)
  4 kobold demonologists
  10 komodo dragons
  A queen bee (D:11)
  13 trolls
  15 polar bears
  9 blink frogs
  7 hornets
  6 tyrant leeches
  9 bog bodies
  5 raiju (Lair:6)
  The ghost of Moloch the Chopper, an amateur GrFi (D:3)
  14 hippogriffs
  4 redbacks (Lair:2)
  2 centaur simulacra (D:15)
  A shadow (D:13)
  A vampire (D:10)
  16 humans (D:14)
  30 yaks
  3 wraiths (Swamp:1)
  4 basilisks
  11 vampire mosquitoes
  7 hogs (Swamp:1)
  4 hungry ghosts
  A steam dragon (D:9)
  Edmund (D:5)
  10 swamp worms
  An insubstantial wisp (Swamp:1)
  11 wargs
  A soldier ant (D:10)
  14 hell hounds
  5 acid dragons
  11 water moccasins
  A floating eye (shapeshifter) (D:14)
  4 porcupines
  2 swamp drakes (Swamp:1)
  21 orc warriors
  3 ice beasts
  13 black bears
  5 sky beasts
  29 ogres
  6 necrophages
  27 wolves
  13 crocodiles
  6 centaurs
  5 big kobolds
  19 bullfrogs
  A wyvern zombie (D:15)
  A water moccasin zombie (D:6)
  4 scorpions
  37 killer bees
  12 wights
  2 electric eels
  2 howler monkeys
  8 crimson imps
  11 centaur zombies
  4 bullfrog zombies
  2 quasits (D:9)
  Crazy Yiuf (D:2)
  19 orc priests
  5 bullfrog skeletons
  6 hounds
  9 jellies
  6 centaur skeletons
  20 orc wizards
  Ijyb (D:3)
  6 iguanas
  8 hell rats (Lair:5)
  12 worker ants
  A killer bee zombie (D:8)
  A hound zombie (D:5)
  A worker ant zombie (D:6)
  A howler monkey zombie (D:5)
  14 gnolls
  A howler monkey skeleton (D:10)
  8 river rats (Lair:5)
  19 adders
  3 shadow imps
  3 oozes
  2 adder skeletons
  2 worms
  A dart slug (D:1)
  6 leopard geckos
  74 orcs
  5 giant cockroaches
  6 goblins
  4 hobgoblins
  3 jackals (D:2)
  20 kobolds
  5 quokkas
  10 bats
  6 frilled lizards
  10 rats
  A plant (Lair:2)
914 creatures vanquished.

Vanquished Creatures (others)
  2 cyclopes (D:15)
  A bog body (Swamp:1)
  A swamp drake (D:12)
  2 centaurs (D:11)
  A bullfrog (D:12)
  2 orc wizards
  16 bushes
  14 fungi
  32 plants
71 creatures vanquished.

Grand Total: 985 creatures vanquished

Notes
Turn   | Place    | Note
-------+----------+-------------------------------------------
     0 | D:1      | Mesmaeker13 the Draconian Fire Elementalist began the quest for the Orb.
     0 | D:1      | Reached XP level 1. HP: 14/14 MP: 3/3
   118 | D:1      | Reached XP level 2. HP: 16/20 MP: 3/5
   706 | D:2      | Learned a level 2 spell: Throw Flame
   747 | D:2      | Reached XP level 3. HP: 26/26 MP: 4/6
   970 | D:2      | Reached XP level 4. HP: 17/33 MP: 2/7
  1572 | D:2      | Found a runed door.
  1835 | D:3      | Reached XP level 5. HP: 34/38 MP: 7/9
  1845 | D:3      | Learned a level 3 spell: Conjure Flame
  2026 | D:3      | Noticed a hippogriff
  2154 | D:3      | Noticed Moloch's ghost (amateur GrFi)
  2446 | D:4      | Reached skill level 1 in Shields
  2544 | D:4      | Found a shattered altar of Ashenzari.
  2549 | D:4      | Found a sacrificial altar of Ru.
  2552 | D:4      | Found a glowing golden altar of the Shining One.
  2774 | D:4      | Reached XP level 6. HP: 41/45 MP: 5/10
  2955 | D:4      | Found a staircase to the Ecumenical Temple.
  3095 | Temple   | Entered the Ecumenical Temple
  3527 | D:4      | Found an ornate altar of the Wu Jian Council.
  3966 | D:4      | Your scales start taking on a golden yellow colour.
  3966 | D:4      | Reached XP level 7. HP: 49/50 MP: 8/12
  4043 | D:3      | Killed Moloch's ghost
  4043 | D:3      | Reached skill level 5 in Fire Magic
  4213 | D:3      | Killed a hippogriff
  4243 | D:3      | Learned a level 5 spell: Fireball
  4255 | D:3      | Found a basalt altar of Yredelemnul.
  4572 | D:3      | Noticed Ijyb
  4583 | D:3      | Killed Ijyb
  4674 | D:3      | Found a deep blue altar of Sif Muna.
  4682 | D:3      | Became a worshipper of Sif Muna the Loreminder
  4798 | D:2      | Noticed Crazy Yiuf
  4805 | D:2      | Killed Crazy Yiuf
  4944 | D:5      | Entered Level 5 of the Dungeon
  5001 | D:5      | Reached XP level 8. HP: 55/57 MP: 9/14
  5127 | D:5      | Reached skill level 1 in Invocations
  5180 | D:5      | Noticed Edmund
  5210 | D:5      | Killed Edmund
  5321 | D:5      | Found a burning altar of Makhleb.
  5426 | D:5      | Reached skill level 5 in Conjurations
  5573 | D:5      | Found Guhy's Antique Armour Boutique.
  5630 | D:5      | Bought a pair of jewelled boots for 228 gold pieces
  5636 | D:5      | Identified the +0 pair of boots "Ridwimar" {*Drain Regen+ MP+9 Stlth+} (You bought it in a shop on level 5 of the Dungeon)
  5885 | D:6      | Reached * piety under Sif Muna
  6057 | D:6      | Got an ebony scimitar
  6166 | D:6      | Found Ginled's Armour Emporium.
  6658 | D:7      | Noticed Musashi's ghost (novice MiBe)
  6790 | D:7      | Reached XP level 9. HP: 62/62 MP: 15/15
  6921 | D:7      | Identified the +10 scimitar of Dismemberment {elec, Int+2} (You found it on level 6 of the Dungeon)
  6960 | D:8      | Found a snail-covered altar of Cheibriados.
  7186 | D:8      | Reached ** piety under Sif Muna
  7359 | D:8      | Reached skill level 5 in Invocations
  7392 | D:8      | Noticed Joseph
  7405 | D:8      | Reached skill level 5 in Dodging
  7432 | D:8      | Killed Joseph
  7751 | D:8      | Noticed Gastronok
  7798 | D:8      | Reached skill level 1 in Fighting
  7800 | D:8      | Reached XP level 10. HP: 67/71 MP: 10/16
  8103 | D:9      | Learned a level 4 spell: Sticky Flame
  8698 | D:9      | Noticed a gargoyle
  8707 | D:9      | Killed a gargoyle
  9088 | D:8      | Found an ancient bone altar of Kikubaaqudgha.
  9155 | D:10     | Entered Level 10 of the Dungeon
  9297 | D:10     | Reached *** piety under Sif Muna
  9552 | D:10     | Found a staircase to the Lair.
  9614 | Lair:1   | Entered Level 1 of the Lair of Beasts
  9947 | Lair:1   | Reached skill level 5 in Fighting
  9947 | Lair:1   | Reached XP level 11. HP: 85/86 MP: 17/17
 10633 | Lair:2   | Found a hole to the Spider Nest.
 10703 | Lair:2   | Noticed a seven-headed hydra
 10751 | Lair:2   | Noticed a swamp dragon
 10761 | Lair:2   | Killed a swamp dragon
 10761 | Lair:2   | Reached skill level 1 in Long Blades
 11438 | Lair:2   | Killed a seven-headed hydra
 11923 | Lair:3   | Found an ancient bone altar of Kikubaaqudgha.
 12024 | Lair:3   | Reached **** piety under Sif Muna
 12307 | Lair:3   | Found a staircase to the Swamp.
 12314 | Lair:3   | Reached skill level 10 in Fire Magic
 12434 | Lair:3   | Noticed an oklob plant
 12434 | Lair:3   | Noticed an oklob plant
 13536 | Lair:4   | Reached skill level 10 in Conjurations
 13536 | Lair:4   | Reached XP level 12. HP: 94/94 MP: 17/18
 13990 | Lair:4   | Got a slimy war axe
 14270 | Lair:4   | Reached skill level 5 in Long Blades
 15201 | Lair:5   | Reached skill level 5 in Spellcasting
 15453 | Lair:5   | Reached skill level 5 in Shields
 15506 | Lair:5   | Noticed a death yak
 15506 | Lair:5   | Noticed a death yak
 15668 | Lair:5   | Reached ***** piety under Sif Muna
 15668 | Lair:5   | Identified Kokkel's Disquisition on Attacks and Translocation (Sif Muna gifted it to you on level 5 of the Lair of Beasts)
 15668 | Lair:5   | Received a gift from Sif Muna
 15742 | Lair:5   | Learned a level 3 spell: Mephitic Cloud
 15903 | Lair:5   | Noticed a death yak
 15905 | Lair:5   | Noticed a death yak
 15943 | Lair:5   | Killed a death yak
 15997 | Lair:5   | Noticed a death yak
 16015 | Lair:5   | Noticed a death yak
 16015 | Lair:5   | Killed a death yak
 16015 | Lair:5   | Reached skill level 1 in Air Magic
 16041 | Lair:5   | Killed a death yak
 16046 | Lair:5   | Killed a death yak
 16058 | Lair:5   | Killed a death yak
 16256 | Lair:5   | Killed a death yak
 16442 | Lair:6   | Entered Level 6 of the Lair of Beasts
 16442 | Lair:6   | Noticed a death yak
 16445 | Lair:6   | Noticed a death yak
 16446 | Lair:6   | Noticed a death yak
 16448 | Lair:6   | Noticed a death yak
 16458 | Lair:5   | Killed a death yak
 16487 | Lair:6   | Noticed a death yak
 16494 | Lair:5   | Killed a death yak
 16555 | Lair:6   | Noticed a death yak
 16562 | Lair:5   | Killed a death yak
 16562 | Lair:5   | Reached XP level 13. HP: 61/101 MP: 22/22
 16826 | Lair:5   | Reached skill level 10 in Dodging
 17158 | Lair:5   | Learned a level 6 spell: Iron Shot
 17505 | Lair:6   | Reached skill level 1 in Earth Magic
 18000 | Lair:6   | Found a runed door.
 18523 | Lair:6   | Found a staircase to the Slime Pits.
 19380 | Lair:6   | Identified the +4 war axe "Embalmer" {flame, rElec Dex-4 SInv Stlth-} (You found it on level 4 of the Lair of Beasts)
 19419 | Lair:6   | Gained mutation: You have acidic saliva. [Yellow Draconian growth]
 19419 | Lair:6   | Reached XP level 14. HP: 98/107 MP: 26/26
 20540 | D:7      | Killed Musashi's ghost
 20603 | D:7      | Found a shimmering altar of Xom.
 20958 | D:11     | Noticed Maurice
 21194 | D:11     | Identified Sif Muna's Papyrus of Confrontation (Sif Muna gifted it to you on level 11 of the Dungeon)
 21194 | D:11     | Received a gift from Sif Muna
 21233 | D:11     | Noticed bmj180's ghost (journeyman HOFi)
 21272 | D:11     | Killed bmj180's ghost
 21522 | D:11     | Reached skill level 5 in Earth Magic
 21806 | D:11     | Killed Maurice
 22957 | D:12     | Found a staircase to the Orcish Mines.
 22965 | D:12     | Reached skill level 10 in Shields
 23156 | D:12     | Found a portal to a secret trove of treasure.
 23326 | Orc:1    | Entered Level 1 of the Orcish Mines
 23360 | Orc:1    | Noticed Suckerboh's ghost (journeyman KoAs)
 23528 | Orc:1    | Identified Laocuquwn's Almanac of Fire and the Voyage (Sif Muna gifted it to you on level 1 of the Orcish Mines)
 23528 | Orc:1    | Received a gift from Sif Muna
 23852 | Orc:1    | Found a roughly hewn altar of Beogh.
 24162 | Orc:1    | Found Zaebaref's Assorted Antiques.
 24485 | Orc:2    | Entered Level 2 of the Orcish Mines
 25059 | Orc:2    | Reached XP level 15. HP: 113/113 MP: 28/28
 25155 | Orc:2    | Noticed an orc warlord
 25172 | Orc:1    | Reached skill level 10 in Spellcasting
 25375 | Orc:2    | Found a staircase to the Elven Halls.
 25477 | Orc:2    | Found Isitho Icwi's General Store.
 25482 | Orc:2    | Found Efik's Book Boutique.
 25483 | Orc:2    | Found Fucwouhoigg's Gadget Shoppe.
 25502 | Orc:2    | Found Zoil Jel's Food Shop.
 26022 | Orc:2    | Killed an orc warlord
 26328 | Orc:2    | Bought the ring "Kaelumeg" {rPois Str+4 SInv} for 508 gold pieces
 26363 | Orc:1    | Bought a scroll of teleportation for 99 gold pieces
 26363 | Orc:1    | Bought a scroll of blinking for 247 gold pieces
 26534 | D:6      | Bought a +2 shield of reflection for 259 gold pieces
 26965 | D:13     | Found Xonurchaxya's Assorted Antiques.
 27322 | D:13     | Got a smoking mace
 27450 | D:13     | Identified Sif Muna's Guide on the Mutagenic Birds (Sif Muna gifted it to you on level 13 of the Dungeon)
 27450 | D:13     | Received a gift from Sif Muna
 27458 | D:14     | Found a gate to the Vaults.
 27458 | D:14     | Noticed Urug
 27458 | D:14     | Noticed Rupert
 27458 | D:14     | Noticed Nessos
 28277 | D:14     | Killed Urug
 28523 | D:14     | Killed Rupert
 28532 | D:14     | Identified the +9 mace "Dulugih" {freeze, MR+} (You found it on level 13 of the Dungeon)
 28617 | D:14     | Killed Nessos
 28634 | D:14     | Identified the Reference Book on Igneous Moulding
 29268 | D:15     | Entered Level 15 of the Dungeon
 29609 | D:15     | Reached XP level 16. HP: 129/129 MP: 27/30
 30240 | D:15     | Identified Kary's Handbook of Supportive Moulding (Sif Muna gifted it to you on level 15 of the Dungeon)
 30240 | D:15     | Received a gift from Sif Muna
 30427 | D:15     | Found a staircase to the Depths.
 30461 | D:15     | Paralysed by an orc sorcerer for 3 turns
 30472 | D:15     | Paralysed by an orc sorcerer for 2 turns
 30694 | D:15     | Got an encrusted short sword
 30936 | Lair:1   | Identified the +9 short sword "Qeul" {pierce, rF+ rC+ Str+4} (You found it on level 15 of the Dungeon)
 30989 | Lair:1   | Learned a level 6 spell: Bolt of Fire
 31060 | Swamp:1  | Entered Level 1 of the Swamp
 31120 | Lair:3   | Reached skill level 10 in Earth Magic
 31600 | Swamp:1  | Noticed Kirke
 31621 | Swamp:1  | Killed Kirke
 31757 | Swamp:1  | Noticed Donald
 31792 | Swamp:1  | Killed Donald
 32178 | Swamp:1  | Reached skill level 10 in Fighting
 32555 | Swamp:1  | Noticed Josephine
 32577 | Swamp:1  | Killed Josephine
 33370 | Swamp:1  | Mangled by an alligator

Skill      XL: |  1  2  3  4  5  6  7  8  9 10 11 12 13 14 15 16 |
---------------+-------------------------------------------------+-----
Dodging        | 2 3 5 6 8 9 11 12 | 12.0
Conjurations   | 2 3 4 5 7 8 10 11 12 | 12.0
Spellcasting   | 3 4 6 8 9 10 | 10.4
Fire Magic     | 4 5 6 7 9 10 11 | 11.4
Shields        | 1 2 3 4 6 8 10 11 12 | 12.7
Invocations    | 3 5 |  5.7
Fighting       | 1 5 8 10 | 10.2
Long Blades    | 4 5 |  5.0
Air Magic      | 3 |  3.1
Earth Magic    | 4 7 9 10 | 10.0
Stealth        | |  1.7

Action                   |  1- 3 |  4- 6 |  7- 9 | 10-12 | 13-15 | 16-18 || total
-------------------------+-------+-------+-------+-------+-------+-------++-------
Melee: Dagger            |     9 |       |   169 |       |       |       ||   178
       Tailslap          |     5 |     5 |    12 |    31 |   174 |    50 ||   277
       Short sword       |    32 |    97 |       |       |       |   143 ||   272
       Scimitar          |       |       |    27 |   286 |  1051 |   129 ||  1493
       Bite              |       |       |       |       |   110 |    37 ||   147
Throw: Throwing net      |       |     1 |     2 |     1 |     2 |       ||     6
 Cast: Flame Tongue      |    23 |   110 |   207 |   208 |   100 |       ||   648
       Throw Flame       |       |       |    15 |   141 |    59 |     2 ||   217
       Fireball          |       |       |     2 |    16 |    54 |    20 ||    92
       Sticky Flame      |       |       |       |    72 |   166 |    53 ||   291
       Mephitic Cloud    |       |       |       |       |    40 |     4 ||    44
       Iron Shot         |       |       |       |       |     5 |     2 ||     7
       Bolt of Fire      |       |       |       |       |       |    28 ||    28
Invok: Channel Magic     |       |       |       |       |     1 |     2 ||     3
       Forget Spell      |       |       |       |       |     1 |     1 ||     2
 Abil: Breathe Acid      |       |       |     5 |     1 |     5 |     1 ||    12
Evoke: Wand              |       |       |     1 |     1 |     8 |     1 ||    11
       Box of beasts     |       |       |       |       |     1 |       ||     1
  Use: Potion            |       |     5 |     3 |       |     8 |     3 ||    19
       Scroll            |       |     4 |     5 |    11 |     8 |     2 ||    30
 Stab: Sleeping          |     3 |     2 |     5 |     2 |    13 |       ||    25
       Invisible         |       |       |       |       |     1 |       ||     1
       Confused          |       |       |       |       |    16 |     4 ||    20
       Distracted        |       |       |       |       |     4 |       ||     4
  Eat: Chunk             |       |     9 |    11 |    29 |    48 |    16 ||   113
       Ration            |       |       |     1 |     6 |     7 |     6 ||    20
Armor: Skin              |    18 |    48 |    91 |   129 |   218 |    71 ||   575
Dodge: Dodged            |    44 |   107 |   170 |   270 |   820 |   170 ||  1581
Block: Other             |       |     5 |     5 |       |       |       ||    10
       Buckler           |       |       |    97 |   132 |   501 |       ||   730
       Reflection        |       |       |     5 |       |    40 |     4 ||    49
       Shield            |       |       |       |       |   383 |   387 ||   770
       Rpst.: Scimitar   |       |       |    19 |    75 |   203 |    18 ||   315
